 Dungeon Crawl Stone Soup version 0.26.0-20-g3ca415f5b8 (webtiles) character file.

Game seed: 3072508823120077292

755 Gauvater the Firebug (level 7, 0/42 HPs)
             Began as an Octopode Fire Elementalist on Jan 24, 2021.
             Was an Initiate of Gozag.
             Shot with an arrow by a centaur (10 damage)
             ... on level 5 of the Dungeon.
             The game lasted 00:39:47 (5512 turns).

Gauvater the Firebug (Octopode Fire Elementalist)   Turns: 5512, Time: 00:39:48

Health: 0/42       AC:  1    Str:  9    XL:     7   Next: 79%
Magic:  12/13      EV: 14    Int: 18    God:    Gozag
Gold:   323        SH:  0    Dex: 12    Spells: 11/15 levels left

rFire    + + .     SeeInvis .   (no weapon)
rCold    x x .     Faith    .   (no shield)
rNeg     + . .     Spirit   .   (helmet restricted)
rPois    .         Reflect  .   n - amulet of magic regeneration
rElec    .         Harm     .   b - ring of positive energy
rCorr    .         Rampage  .   r - ring of fire
Will     .....                  x - ring of fire (curse)
Stlth    +++.......             (no ring)
HPRegen  0.14/turn              (no ring)
MPRegen  0.38/turn              (no ring)
                                (no ring)
                                (no ring)

@: no status effects
A: almost no armour, stealthy swim, amphibious, 8 rings, constrict 8, camouflage
1, gelatinous body 1
a: Renounce Religion, Potion Petition, Call Merchant, Bribe Branch


You were on level 5 of the Dungeon.
You worshipped Gozag.
Gozag was aware of your devotion.
You visited 1 branch of the dungeon, and saw 5 of its levels.
You also visited: Sewer.

You collected 360 gold pieces.
You paid 37 gold pieces to Gozag.

Inventory:

Missiles
 a - 138 stones (quivered)
 e - 19 poisoned darts
 g - 66 bolts
 y - 40 arrows
Jewellery
 b - a ring of positive energy (left tentacle)
 n - an amulet of magic regeneration (around mantle)
 r - a ring of fire (right tentacle)
 x - a cursed ring of fire (on tentacle)
Scrolls
 c - 7 scrolls of identify {unknown}
 d - a scroll of remove curse {unknown}
 j - a scroll of enchant armour {unknown}
 k - 2 scrolls of teleportation {unknown}
 m - 2 scrolls of immolation {unknown}
 q - a scroll of random uselessness {unknown}
 t - a scroll of fog {unknown}
 w - a scroll of fear {unknown}
Potions
 f - 3 potions of curing
 h - a potion of mutation {unknown}
 i - a potion of cancellation {unknown}
 l - a potion of might {unknown}
 o - 3 potions of lignification {unknown}
 p - 4 potions of degeneration {unknown}
 s - 5 potions of heal wounds {unknown}
 u - 5 potions of brilliance {unknown}
 v - 3 potions of flight {unknown}


   Skills:
 + Level 0.6 Fighting
 + Level 1.0 Throwing
 + Level 2.6 Dodging
 + Level 4.2 Stealth
 + Level 0.9 Unarmed Combat
 + Level 4.5 Spellcasting
 + Level 4.0 Conjurations
 + Level 5.2 Fire Magic


You had 11 spell levels left.
You knew the following spells:

 Your Spells              Type           Power        Failure   Level
a - Foxfire               Conj/Fire      100%         1%          1
b - Conjure Flame         Conj/Fire      46%          6%          3

Your spell library contained the following spells:

 Spells                   Type           Power        Failure   Level
 Inner Flame              Hex/Fire       30%          14%         3
 Sticky Flame             Conj/Fire      46%          21%         4
 Fireball                 Conj/Fire      23%          50%         5


Dungeon Overview and Level Annotations

Branches:
Dungeon (5/15)              Sewer (visited)
 Temple: D:4-7

Altars:
Gozag
Ru
Trog
Yredelemnul

Annotations:
D:5 1 exclusion, Ijyb


Innate Abilities, Weirdness & Mutations

You cannot wear most types of armour.
You are very stealthy in the water. (Stealth+)
You are amphibious.
You can wear up to eight rings at the same time.
You can use your tentacles to constrict eight enemies at once.
Your skin changes colour to match your surroundings (Stealth+).
Your rubbery body absorbs attacks. (AC +1, EV +1)


Message History

You closely miss the centaur. You squeeze the centaur.
The centaur is moderately wounded.
The foxfire hits the centaur.
The centaur is heavily wounded.
The centaur unwields a +0 shortbow.
The centaur hits you.
Casting: Foxfire (safe; 1% risk of failure)
Confirm with . or Enter, or press ? or * to list all spells.
You feel a strong surge of power!
You conjure some foxfire!
The centaur closely misses you.
The foxfire hits the centaur.
The centaur is severely wounded.
The foxfire hits the centaur.
The centaur is almost dead.
The centaur wields a +0 shortbow.
The centaur shoots an arrow.
The arrow hits you!
* * * LOW HITPOINT WARNING * * *
You see here an arrow.
You feel better.
The centaur shoots an arrow.
The arrow hits you!
You die...
Your body crumbles into a pile of gold.

#....### ####≈≈...... #......##
##..## ##.#≈≈... ⌠. #.......#
##..####.##≈..###.# #. #.....
##....#..#≈≈..#.[.# #.#.....#
#.......##≈...#$⌠.# ≈#..#.#...
#........##≈...#S|.# .≈≈#...#....
.......#..'....#c###..≈##..<..##.
.....####.#≈....⌠(§..≈≈#......##.
.....# #.#≈≈...@§§.≈≈##....####.
#....# #.##≈≈....≈≈≈####...####.
#.... ...##≈≈≈≈≈≈### ##...##..
#... ... ######## #....... .....
#....... ..### $ #..##.... #..#
###.. ..## #.. #.# ##.#


You could see a centaur and a ball python.

Vanquished Creatures
  An ice beast (D:5)
  A phantom (D:4)
  A big kobold (Sewer)
  A howler monkey (D:4)
  2 orc priests
  3 orc wizards (D:4)
  Terence (D:3)
  3 worker ants
  4 river rats (Sewer)
  3 adders
  2 oozes
  5 worms
  3 dart slugs
  2 leopard geckos
  12 orcs
  6 ball pythons
  8 bats
  6 giant cockroaches
  2 gnoll zombies (D:2)
  6 goblins
  9 hobgoblins
  A quokka (D:5)
  4 frilled lizards
  23 kobolds
  27 rats
136 creatures vanquished.

Vanquished Creatures (others)
  371 foxfires
  7 toadstools (D:1)
378 creatures vanquished.

Grand Total: 514 creatures vanquished

Notes
Turn   | Place    | Note
-------+----------+-------------------------------------------
     0 | D:1      | Gauvater the Octopode Fire Elementalist began the quest for
                  | the Orb.
     0 | D:1      | Reached XP level 1. HP: 11/11 MP: 3/3
   181 | D:1      | Reached XP level 2. HP: 17/17 MP: 1/5
  1157 | D:2      | Reached XP level 3. HP: 21/21 MP: 4/6
  1784 | D:2      | Found a bloodstained altar of Trog.
  2010 | D:2      | Found a basalt altar of Yredelemnul.
  2146 | D:3      | Noticed Terence
  2320 | D:3      | Killed Terence
  2321 | D:3      | Reached XP level 4. HP: 14/27 MP: 2/7
  2497 | D:3      | Found a glowing drain.
  2565 | Sewer    | Entered a sewer
  2662 | Sewer    | Reached skill level 4 in Fire Magic
  2662 | Sewer    | Reached XP level 5. HP: 31/31 MP: 6/8
  2685 | Sewer    | Reached skill level 1 in Throwing
  3127 | Sewer    | Noticed a big kobold
  3141 | Sewer    | Killed a big kobold
  3142 | Sewer    | Reached XP level 6. HP: 36/36 MP: 7/11
  3742 | D:3      | Found an opulent altar of Gozag.
  3762 | D:3      | Became a worshipper of Gozag Ym Sagoz the Greedy
  4455 | D:4      | Reached XP level 7. HP: 39/41 MP: 9/12
  4536 | D:4      | Learned a level 3 spell: Conjure Flame
  4646 | D:4      | Reached skill level 5 in Fire Magic
  5008 | D:5      | Entered Level 5 of the Dungeon
  5008 | D:5      | Noticed Ijyb
  5465 | D:5      | Found a sacrificial altar of Ru.
  5512 | D:5      | Shot with an arrow by a centaur

Illustrated notes

Levels and vault maps discovered:
D:1:      nagdon_arrival_double_spiral, layout_loops_ring
D:2:      layout_loops_ring, bloody_trog, lemuel_zombie_altar_yredelemnul,
          minmay_misc_feat_square
D:3:      layout_loops_ring, overflow_temple_1_default, portal_sewer_entry_d,
          uniq_terence
D:4:      layout_cave_pools, minmay_misc_feat_rugged
D:5:      kennysheep_steamy, layout_layer_cave, kennysheep_mini_moat,
          nicolae_ru_awakened_eye, kennysheep_big_empty_room, kennysheep_potato,
          uniq_ijyb

Skill      XL: |  1  2  3  4  5  6  7 |
---------------+----------------------+-----
Stealth        | 3 4 |  4.2
Conjurations   | 2 3 4 |  4.0
Fire Magic     | 4 5 |  5.2
Throwing       | 1 |  1.0
Spellcasting   | 3 4 |  4.5
Fighting       | |  0.6
Dodging        | |  2.6
Unarmed Combat | |  0.9

Action                   |  1- 3 |  4- 6 |  7- 9 || total
-------------------------+-------+-------+-------++-------
Melee: Unarmed           |    23 |    27 |    13 ||    63
       Constrict         |    10 |     9 |     2 ||    21
       Tentacles         |     5 |     2 |     3 ||    10
Throw: Stone             |    17 |       |       ||    17
 Cast: Foxfire           |    68 |    97 |    45 ||   210
  Use: Potion            |       |     2 |     1 ||     3
 Stab: Sleeping          |       |       |     2 ||     2
Armor: Skin              |     2 |     8 |       ||    10
Dodge: Dodged            |    17 |    37 |     6 ||    60
